 Dungeon Crawl Stone Soup version 0.19.5 (webtiles) character file.

113262 Reinor the Unseen (level 16, -8/115 HPs)
             Began as a Vampire Enchanter on Apr 22, 2017.
             Was a Follower of Uskayaw.
             Mangled by a seven-headed hydra (9 damage)
             ... on level 4 of the Swamp on Apr 23, 2017.
             The game lasted 03:32:28 (40428 turns).

Reinor the Unseen (Vampire Enchanter)              Turns: 40428, Time: 03:32:28

Health: -8/115     AC:  9    Str:  5    XL:     16   Next: 13%
Magic:  24/27      EV: 19    Int: 23    God:    Uskayaw [*.....]
Gold:   2027       SH:  8    Dex: 14    Spells: 7 memorised, 3 levels left

rFire  . . .     SeeInvis +     D - +9 quick blade
rCold  + + .     Gourm    .     M - +1 robe {MR+}
rNeg   + . .     Faith    .     G - +3 buckler {rC+}
rPois  .         Spirit   .     j - +0 hat {SInv}
rElec  .         Reflect  .     I - +1 cloak {+Inv}
rCorr  .         Harm     .     h - +0 pair of gloves
MR     ++...                    J - +2 pair of boots
Stlth  +++.......               v - amulet of inaccuracy (curse)
                                g - ring of flight
                                r - ring of protection from cold

@: contaminated, glowing, invisible (but backlit and visible) (expiring)
A: fangs 3, see invisible, dopey 1, weak 1, unbreathing
a: Bat Form, Stomp, Renounce Religion, Evoke Flight


You were on level 4 of the Swamp.
You worshipped Uskayaw.
Uskayaw was aware of your devotion.
You were not thirsty.

You visited 5 branches of the dungeon, and saw 28 of its levels.
You visited the Abyss 1 time.
You also visited: Labyrinth and Volcano.

You collected 3016 gold pieces.
You spent 989 gold pieces at shops.

Inventory:

Hand Weapons
 b - a +5 dagger of electrocution
 D - a +9 quick blade (weapon)
 E - the +9 dagger of Neguz {venom, rC+++ Dex-4 SInv Stlth+}
   (You bought it in a shop on level 2 of the Orcish Mines)

   It poisons the flesh of those it strikes.
   It affects your dexterity (-4).
   It renders you almost immune to cold.
   It lets you see invisible.
   It makes you more stealthy.
Missiles
 i - 848 stones (quivered)
 k - 2 throwing nets
Armour
 h - a +0 pair of gloves (worn)
 j - a +0 hat of see invisible (worn)
 G - a +3 buckler of cold resistance (worn)
 I - a +1 cloak of invisibility (worn)
 J - a +2 pair of boots (worn)
 M - a +1 robe of magic resistance (worn)
Magical Staves
 x - an uncursed staff of conjuration
 Q - an uncursed staff of energy
Jewellery
 a - an uncursed ring of resist corrosion
 f - an uncursed ring of wizardry
 g - a ring of flight (right hand)
 r - a ring of protection from cold (left hand)
 v - a cursed amulet of inaccuracy (around neck)
 N - an uncursed amulet of faith
 S - a +3 ring of slaying
Wands
 d - a wand of iceblast (9/15)
 n - a wand of disintegration (4/24)
 p - a wand of lightning (4/15)
 t - a wand of paralysis (11/24)
 y - a wand of disintegration (16/24)
 R - a wand of lightning (8/15)
Scrolls
 c - 4 scrolls of identify
 w - 2 scrolls of fog
 z - 3 scrolls of amnesia
 C - 3 scrolls of teleportation
 H - 3 scrolls of recharging
 O - a scroll of magic mapping
Potions
 e - 2 potions of flight
 l - 3 potions of curing
 m - a potion of heal wounds
 o - 5 potions of might
 q - a potion of berserk rage
 s - a potion of magic
 u - 2 potions of haste
 A - 3 potions of resistance
 B - 4 potions of brilliance
 F - 2 potions of agility
 L - 4 potions of blood
Books
 K - a book of Burglary

   Spells                             Type                      Level
   a - Swiftness                      Charms/Air                   2
   b - Passwall                       Transmutation/Earth          2
   c - Passage of Golubria            Translocation                4
   d - Lee's Rapid Deconstruction     Earth                        5
   e - Darkness                       Hexes                        6
   f - Invisibility                   Hexes                        6
 P - a book of Death

   Spells                             Type                      Level
   a - Corpse Rot                     Necromancy                   2
   b - Sublimation of Blood           Necromancy                   2
   c - Agony                          Necromancy                   5
   d - Dispel Undead                  Necromancy                   5
   e - Excruciating Wounds            Charms/Necromancy            5
   f - Bolt of Draining               Conjuration/Necromancy       5


   Skills:
 - Level 7.0 Fighting
 + Level 8.6 Short Blades
 + Level 1.7 Throwing
 + Level 10.9 Dodging
 - Level 20.0 Stealth
 - Level 4.6 Shields
 + Level 7.5 Spellcasting
 - Level 15.0 Hexes
 + Level 5.5 Summonings
 - Level 8.0 Air Magic
 + Level 11.4 Invocations
 - Level 5.1 Evocations


You had 3 spell levels left.
You knew the following spells:

 Your Spells              Type           Power        Failure   Level  Hunger
a - Dazzling Spray        Conj/Hex       #####.       1%          3    None
b - Invisibility          Hex            ######..     2%          6    ######.
c - Confuse               Hex            ######..     1%          3    None
d - Tukima's Dance        Hex            ######..     1%          3    None
e - Call Imp              Summ           ####....     1%          2    None
f - Summon Lightning Spi  Summ/Air       #####...     6%          4    ###....
g - Darkness              Hex            ######....   2%          6    ######.


Dungeon Overview and Level Annotations

Branches:
Dungeon (15/15)            Temple (1/1) D:7            Lair (6/6) D:11
  Swamp (4/4) Lair:2       Spider (0/4) Lair:3        Slime (0/5) Lair:6
    Orc (2/2) D:11            Elf (0/3) Orc:2        Vaults (0/5) D:13
 Depths (0/5) D:15

Altars:
Ashenzari
Cheibriados
Dithmenos
Elyvilon
Fedhas
Hepliaklqana
Kikubaaqudgha
Makhleb
Okawaru
Qazlal
Ru
Sif Muna
Trog
Uskayaw
Vehumet
Xom
Yredelemnul
The Shining One
Beogh

Shops:
D:12 =   Orc:2 %[([

Annotations:
D:8 exclusion: statue


Innate Abilities, Weirdness & Mutations

You have razor-sharp teeth.
You have supernaturally acute eyesight. (SInv)
You can survive without breathing.
You are dopey. (Int -2)
You are weak. (Str -2)


Message History

* * * LOW HITPOINT WARNING * * *
You block the seven-headed hydra's attack.
The seven-headed hydra bites you but does no damage.
Casting: Invisibility
Confirm with . or Enter, or press ? or * to list all spells.
Aiming: Confuse
Press: ? - help, Shift-Dir - straight line, f - seven-headed hydra
Aim: a seven-headed hydra (moderately wounded, chance to defeat MR: 47%)
The seven-headed hydra resists with some effort.
The seven-headed hydra bites you.
* * * LOW HITPOINT WARNING * * *
You block the seven-headed hydra's attack.
The seven-headed hydra closely misses you.
The seven-headed hydra bites you.
* * * LOW HITPOINT WARNING * * *
The seven-headed hydra bites you!
* * * LOW HITPOINT WARNING * * *
The seven-headed hydra bites you but does no damage.
The seven-headed hydra bites you!
You die...

♣♣♣...♣..♣.♣♣ ♣♣♣.≈≈≈≈≈D§≈.≈≈
....♣.♣♣.♣♣(♣ ♣♣≈≈≈≈≈≈≈≈≈≈≈≈
..≈.♣.≈♣.≈♣.♣ ♣≈≈≈≈≈≈≈≈≈≈≈.≈
≈≈..♣..♣..♣.♣♣♣♣ ♣♣♣.≈≈§.[≈≈≈...♣
≈≈..♣♣.♣♣.♣....♣♣♣.♣.≈≈≈≈≈≈≈≈.≈♣♣
♣...≈♣....♣♣♣♣♣......≈≈≈≈≈≈≈≈.♣♣
..≈.≈♣.♣..≈♣ ♣♣♣.≈...≈≈≈≈≈≈≈≈.♣♣
....≈♣....♣♣♣♣♣..≈≈≈..≈≈..≈≈≈≈≈..
≈...♣♣.♣♣.♣.....@≈≈≈♣≈≈≈≈.≈≈≈≈≈≈≈
≈≈^.♣..♣..♣.♣♣≈≈.D≈≈♣≈≈≈..≈≈≈..≈≈
≈≈≈.♣.≈♣.≈♣..≈♣♣♣♣♣♣♣.§≈.≈≈≈....≈
≈≈≈.♣.♣♣.♣♣...♣♣♣♣ ♣♣♣........≈♣
≈≈≈...♣..♣...≈..≈♣ ♣♣♣≈.....≈..≈
≈.≈≈..♣.≈♣.≈.≈.≈.♣ ♣.....♣..≈.≈≈
≈..≈≈.♣.♣♣.≈≈≈(.♣♣ ♣.≈..≈...§≈.#
≈.♣.≈...♣.≈≈≈♣≈≈♣♣ ♣..♣.≈..≈≈#≈#
.♣♣≈:...♣.≈≈≈..≈.♣♣♣♣.≈≈..≈.÷#≈≈≈


You could see a seven-headed hydra.

Vanquished Creatures
  Donald (Swamp:3)
  An orc warlord (Orc:2)
  Nessos (Orc:2)
  A dire elephant (D:15)
  An ettin (D:13)
  The ghost of Jerry the Protected, a journeyman FoFi of Okawaru (Volcano)
  A minotaur (Lab)
  A fire dragon (Lair:6)
  22 hydras
  A catoblepas (Lair:6)
  3 centaur warriors
  An ogre mage (D:10)
  The ghost of Alannah the Protected, a journeyman GrBe of Trog (D:10)
  2 tengu warriors (D:15)
  3 alligators
  A large abomination (Swamp:4)
  4 shambling mangroves
  3 unseen horrors
  5 spriggan druids
  5 swamp dragons
  An orc knight (Orc:1)
  4 lindwurms
  Pikel (D:7)
  4 orc sorcerers (Orc:2)
  5 hill giants
  2 deep elf magi
  4 cyclopes
  3 oklob plants (Lair:6)
  7 ugly things
  Maurice (D:12)
  2 manticores
  5 black mambas
  6 elephants (Lair:5)
  Psyche (D:8)
  A naga mage (D:15)
  5 gargoyles
  12 spiny frogs
  5 molten gargoyles
  A spiny frog (shapeshifter) (D:13)
  2 orange demons (Swamp:4)
  2 rime drakes
  2 freezing wraiths
  3 efreet (Volcano)
  10 komodo dragons
  The ghost of ShornTheSheep the Skirmisher, a novice GrBe of Trog (D:5)
  An ancient zyme (D:10)
  7 trolls
  2 tengu conjurers (D:15)
  A polar bear (Lair:2)
  7 hornets
  4 tyrant leeches
  3 two-headed ogres
  7 slime creatures (Swamp:2)
  10 bog bodies
  3 blink frogs (Lair:3)
  7 hippogriffs
  A harpy skeleton (D:15)
  A water elemental (D:11)
  4 redbacks
  5 spriggans
  Sigmund (D:7)
  A vampire (D:11)
  4 fire elementals (Volcano)
  5 wyverns
  3 shadows
  39 yaks
  3 wraiths
  7 basilisks
  3 hungry ghosts
  16 vampire mosquitoes
  2 steam dragons (Lair:6)
  2 soldier ants
  2 wargs (Orc:2)
  6 insubstantial wisps
  2 mottled dragons
  19 swamp worms
  Edmund (D:7)
  10 porcupines
  6 water moccasins
  2 hell hounds (Lair:6)
  3 eyes of draining (D:9)
  3 ice beasts
  A slave (D:7)
  2 black bears
  2 sky beasts
  3 swamp drakes
  26 orc warriors
  4 phantoms
  5 centaurs
  15 wolves
  11 ogres
  19 crocodiles
  2 big kobolds
  18 bullfrogs
  A wyvern zombie (D:6)
  4 earth elementals (Volcano)
  2 scorpions
  A wyvern skeleton (D:15)
  12 killer bees
  A water moccasin skeleton (D:6)
  A troll zombie (D:11)
  A vampire bat (D:8)
  13 wights
  7 electric eels (D:11)
  10 crimson imps
  5 lava snakes (Lair:6)
  4 centaur zombies
  4 bullfrog zombies
  A quasit (D:10)
  3 hounds
  4 jellies
  15 orc priests
  A bullfrog skeleton (D:4)
  3 centaur skeletons
  24 orc wizards
  8 iguanas
  17 worker ants
  7 ogre zombies (D:11)
  14 adders
  5 gnolls (D:9)
  3 shadow imps
  3 oozes
  2 adder zombies
  An adder skeleton (D:9)
  4 worms
  2 dart slugs
  8 leopard geckos
  96 orcs
  3 bat skeletons (D:8)
  2 bat zombies (D:8)
  6 giant cockroaches
  5 goblins
  5 hobgoblins
  7 jackals
  5 quokkas
  2 ball pythons (D:3)
  3 bats
  13 frilled lizards
  A goblin skeleton (D:11)
  5 goblin zombies (D:11)
  A hobgoblin skeleton (D:11)
  4 hobgoblin zombies (D:11)
  A jackal skeleton (D:6)
  16 kobolds
  2 leopard gecko skeletons
  2 leopard gecko zombies
  3 orc skeletons (D:11)
  10 orc zombies (D:11)
  A quokka skeleton (D:4)
  8 rats
  3 fire vortices (Volcano)
  A fungus (Lair:2)
856 creatures vanquished.

Vanquished Creatures (collateral kills)
  A warg (Orc:1)
  A swamp worm (Swamp:3)
  2 orc warriors (D:8)
  An ogre (D:11)
  A centaur (D:11)
  5 orcs
  An orc zombie (D:11)
12 creatures vanquished.

Vanquished Creatures (others)
  A spiny frog (Swamp:3)
  A dancing weapon (D:13)
  A troll (Orc:2)
  2 slaves (D:7)
  An ogre (D:11)
  A crimson imp (D:7)
  2 orc priests
  A worker ant (D:7)
  An orc wizard (D:7)
  A shadow imp (D:7)
  An orc (Orc:2)
  3 briar patches
  4 fungi
  A plant (D:15)
21 creatures vanquished.

Grand Total: 889 creatures vanquished

Notes
Turn   | Place    | Note
-------+----------+-------------------------------------------
     0 | D:1      | Reinor the Vampire Enchanter began the quest for the Orb.
     0 | D:1      | Reached XP level 1. HP: 13/13 MP: 3/3
   124 | D:1      | Reached XP level 2. HP: 12/19 MP: 5/5
   128 | D:1      | Learned a level 2 spell: Ensorcelled Hibernation
  1046 | D:1      | Reached skill level 5 in Stealth
  1157 | D:1      | Reached XP level 3. HP: 21/24 MP: 6/6
  1367 | D:1      | Reached skill level 5 in Hexes
  1372 | D:1      | Learned a level 3 spell: Confuse
  1620 | D:2      | Reached XP level 4. HP: 30/30 MP: 2/8
  2091 | D:3      | Found a faded altar of an unknown god.
  2271 | D:3      | Reached skill level 6 in Stealth
  3082 | D:4      | Noticed an ogre
  3099 | D:4      | Killed an ogre
  3099 | D:4      | Reached XP level 5. HP: 35/35 MP: 1/9
  3710 | D:4      | Reached XP level 6. HP: 34/41 MP: 1/10
  3897 | D:4      | Reached skill level 7 in Stealth
  4099 | D:4      | Noticed an orc warrior
  4121 | D:4      | HP: 1/41 [orc warrior/halberd (14)]
  4134 | D:4      | Killed an orc warrior
  4377 | D:5      | Entered Level 5 of the Dungeon
  4628 | D:5      | Noticed ShornTheSheep's ghost (novice GrBe)
  4693 | D:5      | Reached XP level 7. HP: 44/46 MP: 12/12
  4833 | D:5      | Learned a level 3 spell: Tukima's Dance
  5036 | D:5      | Killed ShornTheSheep's ghost
  5036 | D:5      | Reached skill level 8 in Stealth
  5344 | D:5      | Reached XP level 8. HP: 52/52 MP: 5/14
  5529 | D:5      | Found a sacrificial altar of Ru.
  5591 | D:5      | Reached skill level 5 in Short Blades
  5648 | D:5      | Reached skill level 9 in Stealth
  5729 | D:5      | Reached skill level 5 in Spellcasting
  6031 | D:6      | Reached skill level 1 in Fighting
  6791 | D:7      | Found a staircase to the Ecumenical Temple.
  6887 | D:7      | Found a glowing golden altar of the Shining One.
  7056 | D:7      | Learned a level 3 spell: Dazzling Spray
  7059 | D:7      | Noticed Pikel
  7101 | D:7      | Killed Pikel
  7101 | D:7      | Reached skill level 10 in Stealth
  7101 | D:7      | Reached XP level 9. HP: 43/62 MP: 9/16
  7177 | D:7      | Noticed Sigmund
  7184 | D:7      | Killed Sigmund
  7184 | D:7      | Reached skill level 10 in Hexes
  7212 | D:7      | Noticed Edmund
  7239 | D:7      | Killed Edmund
  7405 | D:7      | Reached skill level 5 in Dodging
  7425 | Temple   | Entered the Ecumenical Temple
  7455 | Temple   | Became a worshipper of Uskayaw the Reveler
  7538 | D:7      | Reached * piety under Uskayaw
  7544 | D:7      | Reached skill level 11 in Stealth
  7544 | D:7      | Reached ** piety under Uskayaw
  8295 | D:8      | Reached skill level 1 in Invocations
  8837 | D:8      | Found a radiant altar of Vehumet.
  9265 | D:8      | Noticed Psyche
  9270 | D:8      | Found an ancient bone altar of Kikubaaqudgha.
  9306 | D:8      | Killed Psyche
  9306 | D:8      | Reached skill level 12 in Stealth
  9306 | D:8      | Reached XP level 10. HP: 70/70 MP: 15/17
  9630 | D:9      | Found a blossoming altar of Fedhas.
  9872 | D:9      | You fall through a shaft!
  9872 | D:10     | Entered Level 10 of the Dungeon
  9872 | D:10     | Found a glowing golden altar of the Shining One.
  9872 | D:10     | Noticed Alannah's ghost (journeyman GrBe)
  9956 | D:9      | Found a bloodstained altar of Trog.
  9988 | D:9      | Reached *** piety under Uskayaw
 10543 | D:9      | Reached **** piety under Uskayaw
 10546 | D:9      | Reached ***** piety under Uskayaw
 10607 | D:9      | Reached skill level 13 in Stealth
 10990 | D:10     | Noticed an ogre mage
 11001 | D:10     | Killed an ogre mage
 11184 | D:10     | Noticed an unseen horror
 11206 | D:10     | Killed an unseen horror
 11235 | D:10     | Reached XP level 11. HP: 68/75 MP: 3/18
 11258 | D:10     | Learned a level 2 spell: Call Imp
 11263 | D:10     | Learned a level 4 spell: Summon Lightning Spire
 11297 | D:10     | Reached skill level 1 in Summonings
 11297 | D:10     | Reached skill level 1 in Air Magic
 11297 | D:10     | Reached skill level 5 in Invocations
 11976 | D:10     | Cast into level 2 of the Abyss (Alannah's ghost)
 11976 | Abyss:2  | Found a corrupted altar of Lugonu.
 11999 | Abyss:2  | Noticed a bone dragon
 12009 | Abyss:2  | Found a corrupted altar of Lugonu.
 12016 | Abyss:2  | Noticed a tentacled starspawn
 12029 | Abyss:2  | Noticed a starcursed mass
 12051 | Abyss:2  | Found a corrupted altar of Lugonu.
 12059 | D:10     | Escaped the Abyss
 13217 | D:10     | Killed Alannah's ghost
 13315 | D:11     | Found a labyrinth entrance.
 13332 | Lab      | Entered a labyrinth
 13561 | Lab      | Reached skill level 14 in Stealth
 14127 | Lab      | Noticed a minotaur
 14157 | Lab      | Killed a minotaur
 14332 | D:11     | Noticed an unseen horror
 14354 | D:11     | Killed an unseen horror
 15074 | D:11     | Found a staircase to the Lair.
 15418 | D:11     | Found a staircase to the Orcish Mines.
 16509 | D:11     | Learned a level 6 spell: Invisibility
 16606 | D:11     | Reached XP level 12. HP: 81/81 MP: 13/20
 16610 | D:11     | Identified 2 scrolls of acquirement
 17008 | D:12     | Found Jeqimila's Jewellery Boutique.
 17016 | D:12     | Bought an uncursed amulet of harm for 450 gold pieces
 17475 | D:12     | Noticed Maurice
 17482 | D:12     | Killed Maurice
 17800 | D:12     | Reached skill level 15 in Stealth
 18002 | D:12     | Noticed a six-headed hydra
 18014 | D:12     | Killed a six-headed hydra
 18392 | D:13     | Gained mutation: You have large cloven feet. [potion of mutation]
 18392 | D:13     | Gained mutation: You are occasionally teleported next to monsters. [potion of mutation]
 18393 | D:13     | Lost mutation: You are occasionally teleported next to monsters. [potion of cure mutation]
 18393 | D:13     | Lost mutation: You have large cloven feet. [potion of cure mutation]
 18586 | D:13     | Reached skill level 5 in Air Magic
 18720 | D:13     | Reached skill level 5 in Summonings
 18868 | D:13     | Noticed an eight-headed hydra
 18873 | D:13     | Noticed an ettin
 19079 | D:13     | Killed an ettin
 19445 | D:13     | Killed an eight-headed hydra
 19504 | D:13     | Found a gate to the Vaults.
 19653 | D:13     | Noticed an eight-headed hydra
 19664 | D:13     | Killed an eight-headed hydra
 20274 | D:14     | Reached skill level 15 in Hexes
 20539 | D:14     | Noticed a centaur warrior
 20582 | D:14     | Noticed a centaur warrior
 20912 | D:14     | Killed a centaur warrior
 20912 | D:14     | Reached skill level 16 in Stealth
 20912 | D:14     | Reached XP level 13. HP: 81/89 MP: 16/22
 20932 | D:14     | Reached skill level 1 in Evocations
 21506 | D:15     | Entered Level 15 of the Dungeon
 21546 | D:15     | Reached skill level 5 in Fighting
 21577 | D:15     | Found a staircase to the Depths.
 21577 | D:15     | Noticed a dire elephant
 21592 | D:15     | Killed a dire elephant
 22761 | D:13     | Reached skill level 17 in Stealth
 22932 | Orc:1    | Entered Level 1 of the Orcish Mines
 23174 | Orc:1    | Reached skill level 1 in Shields
 23240 | Orc:2    | Entered Level 2 of the Orcish Mines
 23418 | Orc:2    | Found a staircase to the Elven Halls.
 23443 | Orc:2    | Noticed Nessos
 23455 | Orc:2    | Killed Nessos
 23592 | Orc:2    | Reached ****** piety under Uskayaw
 23595 | Orc:2    | Found a roughly hewn altar of Beogh.
 24055 | Orc:2    | Found a roughly hewn altar of Beogh.
 24073 | Orc:2    | Found a roughly hewn altar of Beogh.
 24145 | Orc:2    | Found a roughly hewn altar of Beogh.
 24145 | Orc:2    | Found Atuuv's Antique Armour Shop.
 24168 | Orc:2    | Reached XP level 14. HP: 101/101 MP: 11/23
 24180 | Orc:2    | Bought a runed cloak for 357 gold pieces
 24250 | Orc:2    | Found a burning altar of Makhleb.
 24543 | Orc:2    | Noticed an orc warlord
 25081 | Orc:2    | Found a roughly hewn altar of Beogh.
 25117 | Orc:2    | Found a roughly hewn altar of Beogh.
 25117 | Orc:2    | Found Mifia's Food Boutique.
 25550 | Orc:2    | Found a roughly hewn altar of Beogh.
 25627 | Orc:2    | Found a roughly hewn altar of Beogh.
 25735 | Orc:2    | Killed an orc warlord
 25751 | Orc:2    | Found Figg's Antique Armour Emporium.
 25755 | Orc:2    | Found Pinopn's Antique Weapon Shoppe.
 25755 | Orc:2    | Found a roughly hewn altar of Beogh.
 25828 | Orc:2    | Bought an encrusted dagger for 182 gold pieces
 25829 | Orc:2    | Identified the +9 dagger of Neguz {venom, rC+++ Dex-4 SInv Stlth+} (You bought it in a shop on level 2 of the Orcish Mines)
 26067 | Lair:1   | Entered Level 1 of the Lair of Beasts
 27076 | Lair:2   | Found a dark tunnel.
 27081 | Volcano  | Entered a volcano
 27354 | Volcano  | Noticed Jerry's ghost (journeyman FoFi)
 27392 | Volcano  | Killed Jerry's ghost
 27392 | Volcano  | Reached skill level 5 in Evocations
 28236 | Volcano  | Reached skill level 18 in Stealth
 28310 | Lair:2   | Found a staircase to the Swamp.
 28406 | Lair:2   | Gained mutation: You are dopey. (Int -2) [mutagenic glow]
 29380 | Lair:2   | Gained mutation: You are weak. (Str -2) [mutagenic glow]
 29604 | Lair:3   | Found a hole to the Spider Nest.
 30994 | Lair:4   | Reached skill level 10 in Invocations
 32256 | Lair:6   | Entered Level 6 of the Lair of Beasts
 32304 | Lair:6   | Reached XP level 15. HP: 108/108 MP: 24/24
 32334 | Lair:6   | Found a staircase to the Slime Pits.
 32547 | Lair:6   | Reached skill level 19 in Stealth
 33057 | Lair:6   | Learned a level 6 spell: Darkness
 33460 | Lair:6   | Found a large runed door.
 33462 | Lair:6   | Found a large runed door.
 34007 | Swamp:1  | Entered Level 1 of the Swamp
 35154 | Swamp:2  | Noticed a thorn hunter
 35742 | Swamp:2  | Reached skill level 10 in Dodging
 36118 | Swamp:3  | HP: 4/108 [spriggan druid/angry trees (21)]
 36513 | Swamp:3  | Noticed Donald
 36523 | Swamp:3  | Killed Donald
 37101 | Swamp:2  | Reached skill level 20 in Stealth
 37786 | Swamp:3  | Noticed a thorn hunter
 38686 | Swamp:4  | Entered Level 4 of the Swamp
 39142 | Swamp:4  | Reached XP level 16. HP: 115/115 MP: 21/27
 39151 | Swamp:4  | Reached skill level 1 in Throwing
 39792 | Swamp:4  | Noticed a tentacled monstrosity
 40428 | Swamp:4  | HP: 1/115 [seven-headed hydra (15)]
 40428 | Swamp:4  | Mangled by a seven-headed hydra

Skill      XL: |  1  2  3  4  5  6  7  8  9 10 11 12 13 14 15 16 |
---------------+-------------------------------------------------+-----
Stealth        | 5 6 7 8 10 12 13 14 16 17 18 20 | 20.0
Hexes          | 5 6 7 8 9 11 12 13 15 | 15.0
Short Blades   | 2 3 4 5 6 8 |  8.6
Spellcasting   | 3 4 5 6 7 |  7.5
Fighting       | 2 3 4 6 7 |  7.0
Dodging        | 4 6 8 10 | 10.9
Invocations    | 2 4 6 7 8 10 11 | 11.4
Summonings     | 4 5 |  5.5
Air Magic      | 3 5 6 8 |  8.0
Evocations     | 4 5 |  5.1
Shields        | 1 4 |  4.6
Throwing       | 1 |  1.7

Action                   |  1- 3 |  4- 6 |  7- 9 | 10-12 | 13-15 | 16-18 || total
-------------------------+-------+-------+-------+-------+-------+-------++-------
Melee: Dagger            |   121 |   156 |   328 |   448 |       |       ||  1053
       Bite              |    10 |     9 |    31 |    83 |   127 |     5 ||   265
       Quick blade       |       |       |       |   352 |  1880 |   118 ||  2350
       Unarmed           |       |       |       |       |     3 |       ||     3
Throw: Stone             |     1 |       |       |     3 |    11 |       ||    15
 Cast: Ensorcelled Hiber |     3 |    10 |    36 |    13 |       |       ||    62
       Confuse           |       |    12 |    23 |    73 |    66 |     4 ||   178
       Tukima's Dance    |       |       |     5 |    15 |    12 |       ||    32
       Dazzling Spray    |       |       |       |    36 |    73 |    10 ||   119
       Call Imp          |       |       |       |     8 |    10 |       ||    18
       Invisibility      |       |       |       |     7 |    48 |     4 ||    59
       Summon Lightning  |       |       |       |       |     6 |     1 ||     7
       Darkness          |       |       |       |       |     2 |       ||     2
Invok: Stomp             |       |       |       |       |     1 |       ||     1
       Grand Finale      |       |       |       |       |     1 |       ||     1
 Abil: Evoke Flight      |       |       |       |     4 |    28 |     8 ||    40
       End Transformatio |       |       |       |     4 |    15 |     1 ||    20
       Bat Form          |       |       |       |     4 |    15 |     1 ||    20
Evoke: Wand              |       |       |       |       |     2 |       ||     2
  Use: Scroll            |     6 |     5 |     5 |    20 |    19 |     2 ||    57
       Potion            |     1 |     9 |     9 |    42 |    37 |     6 ||   104
 Stab: Sleeping          |    11 |    26 |    48 |    38 |    93 |     2 ||   218
       Confused          |       |     2 |    20 |    46 |    51 |     2 ||   121
       Distracted        |       |       |     1 |     3 |     7 |       ||    11
       Paralysed         |       |       |       |    25 |    67 |     2 ||    94
       Invisible         |       |       |       |    18 |   133 |    11 ||   162
Armor: Robe              |    28 |    12 |    26 |    61 |   108 |     9 ||   244
Dodge: Dodged            |    82 |    82 |   151 |   394 |   625 |    55 ||  1389
Block: Buckler           |       |       |       |       |   118 |    20 ||   138
